 Dungeon Crawl Stone Soup version 0.29.0-7-g18a832c13a (webtiles) character file.

Game seed: 8744725656521878753

95 Chaicat the Trooper (level 4, -8/37 HPs)
             Began as a Demonspawn Abyssal Knight on Aug 31, 2022.
             Was a Priest of Lugonu.
             Mangled by an iguana (9 damage)
             ... on level 3 of the Dungeon.
             The game lasted 00:11:26 (1830 turns).

Chaicat the Trooper (Demonspawn Abyssal Knight)     Turns: 1830, Time: 00:11:26

Health: -8/37      AC:  8    Str: 15    XL:     4   Next: 39%
Magic:  4/5        EV:  6    Int: 12    God:    Lugonu [***...]
Gold:   164        SH:  0    Dex: 13    Spells: 1/3 levels left

rFire   . . .      SeeInvis .   a - +1 hand axe
rCold   . . .      Faith    .   (no shield)
rNeg    . . .      Spirit   .   f - +0 chain mail
rPois   .          Reflect  .   (no helmet)
rElec   .          Harm     .   (no cloak)
rCorr   .          Rampage  .   (no gloves)
Will    .....                   (no boots)
Stlth   ..........              (no amulet)
HPRegen 0.12/turn               o - ring of wizardry
MPRegen 0.09/turn               (no ring)

@: no status effects
A: hooves 2, weakness stinger 1
a: Renounce Religion, Depart the Abyss, Bend Space, Banish


You were on level 3 of the Dungeon.
You worshipped Lugonu.
Lugonu was most pleased with you.
You visited 1 branch of the dungeon, and saw 3 of its levels.
You visited the Abyss 1 time.

You collected 172 gold pieces.
You spent 8 gold pieces at shops.

Inventory:

Hand Weapons
 a - a +1 hand axe (weapon)
Missiles
 e - 2 silver boomerangs (quivered)
 n - 2 poisoned darts
Armour
 f - a +0 chain mail (worn)
Jewellery
 o - a ring of wizardry (left hand)
Wands
 r - a wand of roots (9)
Scrolls
 b - 3 scrolls of fog {unknown}
 c - 2 scrolls of vulnerability {unknown}
 g - a scroll of summoning {unknown}
 h - a scroll of brand weapon {unknown}
 i - a scroll of blinking {unknown}
 k - a scroll of teleportation {unknown}
 m - 2 scrolls of fear {unknown}
 p - 2 scrolls of identify {unknown}
 t - a scroll of magic mapping {unknown}
Potions
 d - 2 potions of degeneration {unknown}
 j - a potion of mutation {unknown}
 l - a potion of cancellation {unknown}
 q - a potion of might {unknown}
 s - 2 potions of berserk rage {unknown}


   Skills:
 + Level 3.6 Fighting
 + Level 2.8 Axes
 + Level 1.5 Throwing
 + Level 2.1 Armour
 + Level 0.9 Dodging
 + Level 0.3 Spellcasting
 + Level 2.5 Invocations


You had one spell level left.
You knew the following spells:

 Your Spells              Type           Power      Damage    Failure   Level
a - Foxfire               Conj/Fire      0%         2x1d4     93%         1
b - Beastly Appendage     Tmut           0%         N/A       93%         1

Your spell library contained the following spells:

 Spells                   Type           Power      Damage    Failure   Level
 Sting                    Tmut/Pois      0%         1d3       93%         1
 Poisonous Vapours        Pois/Air       0%         N/A       98%         2
 Wereblood                Tmut           0%         N/A       98%         2
 Conjure Flame            Conj/Fire      0%         6-21      100%        3
 Inner Flame              Hex/Fire       0%         N/A       100%        3
 Spider Form              Tmut/Pois      0%         N/A       100%        3
 Flame Wave               Conj/Fire      0%         2d4       100%        4
 Olgreb's Toxic Radiance  Pois           0%         N/A       100%        4


Dungeon Overview and Level Annotations

Branches:
Dungeon (3/15)

Altars:

Shops:
D:1 (


Innate Abilities, Weirdness & Mutations

You have hoof-like feet.
You have a small tail.


Message History

The iguana is moderately wounded.
The iguana bites you.
You hit the iguana but do no damage. Your kick misses the iguana.
Your tail-slap misses the iguana.
The iguana is moderately wounded.
The iguana bites you.
You hit the iguana. Your punch misses the iguana.
The iguana is moderately wounded.
The iguana bites you.
You hit the iguana. You kick the iguana, but do no damage.
The iguana is heavily wounded.
The iguana bites you but does no damage.
You hit the iguana but do no damage.
You tail-slap the iguana, but do no damage.
The iguana is heavily wounded.
The iguana bites you but does no damage.
The iguana bites you.
You hit the iguana but do no damage. Your kick misses the iguana.
The iguana is heavily wounded.
The iguana bites you.
You hit the iguana. You punch the iguana, but do no damage.
The iguana is severely wounded.
The iguana bites you.
You are too injured to fight recklessly!
You are too injured to fight recklessly!
You are too injured to fight recklessly!
You are too injured to fight recklessly!
You are too injured to fight recklessly!
You hit the iguana but do no damage.
The iguana is severely wounded.
The iguana bites you!
* * * LOW HITPOINT WARNING * * *
You hit the iguana but do no damage. Your kick misses the iguana.
The iguana is severely wounded.
The iguana barely misses you.
You fail to use your ability.
The iguana bites you.
* * * LOW HITPOINT WARNING * * *
Space bends violently around you!
You blink.
The iguana bites you!
You die...

####...##...........##.#
#...####.........# ...
#...# #.....#...# ####
##### ##.....##.##
#.....##...##
#....##.....##
#....#.......###.
#........_.......
#....#.@.....##.
#....##.l†..##
#.....##...##
#########.## .... .....
......# ..##### ...


You could see an iguana.

Vanquished Creatures
  A hound (D:3)
  2 adders (D:2)
  A worm (D:3)
  2 dart slugs
  6 endoplasms
  2 giant cockroaches (D:2)
  5 goblins
  A hobgoblin (D:2)
  2 quokkas (D:3)
  5 ball pythons
  4 bats
  2 frilled lizards
  3 kobolds
  5 rats
41 creatures vanquished.

Notes
Turn   | Place    | Note
-------+----------+-------------------------------------------
     0 | Abyss:1  | Chaicat the Demonspawn Abyssal Knight began the quest for
                  | the Orb.
     0 | Abyss:1  | Reached XP level 1. HP: 18/18 MP: 2/2
   118 | Abyss:1  | Found a corrupted altar of Lugonu.
   168 | Abyss:1  | Found a corrupted altar of Lugonu.
   179 | Abyss:1  | Noticed a hellwing
   180 | D:1      | Escaped the Abyss
   385 | D:1      | Found a faded altar of an unknown god.
   397 | D:1      | Discovered your monstrous ancestry.
   397 | D:1      | Gained mutation: You have large cloven feet. [demonic
                  | ancestry]
   397 | D:1      | Reached XP level 2. HP: 24/24 MP: 3/3
   457 | D:1      | Learned a level 1 spell: Foxfire
   707 | D:1      | Found Ykhas's Weapon Emporium.
   715 | D:1      | Bought 2 poisoned darts for 8 gold pieces
   886 | D:2      | Gained mutation: You have a small tail. [demonic ancestry]
   886 | D:2      | Reached XP level 3. HP: 29/29 MP: 4/4
  1172 | D:2      | Learned a level 1 spell: Beastly Appendage
  1316 | D:2      | Reached skill level 1 in Throwing
  1770 | D:3      | Gained mutation: You have hoof-like feet. [demonic
                  | ancestry]
  1770 | D:3      | Reached XP level 4. HP: 36/37 MP: 5/5
  1774 | D:3      | Reached *** piety under Lugonu
  1830 | D:3      | Mangled by an iguana

Illustrated notes

Levels and vault maps discovered:
D:1:      amcnicky_arrival_double_pillar, layout_basic,
          ebering_ecumenical_altar_rust, serial_shops,
          nicolae_shop_bloodbath_and_beyond
D:2:      layout_loops_cross
D:3:      layout_basic, lemuel_round_altar, minmay_misc_feat_enclosed

Skill      XL: |  1  2  3 |
---------------+----------+-----
Axes           | 2 |  2.8
Armour         | 2 |  2.1
Throwing       | 1 |  1.5
Fighting       | |  3.6
Dodging        | |  0.9
Spellcasting   | |  0.3
Invocations    | |  2.5

Action                   |  1- 3 |  4- 6 || total
-------------------------+-------+-------++-------
Melee: Hand axe          |    71 |    12 ||    83
       Kick              |     7 |     2 ||     9
       Tailslap          |     4 |     1 ||     5
       Punch             |       |     1 ||     1
Throw: Boomerang         |    28 |     8 ||    36
Invok: Depart the Abyss  |     1 |       ||     1
       Bend Space        |     1 |     1 ||     2
Evoke: Wand              |     1 |       ||     1
Armor: Chain mail        |    36 |     2 ||    38
       Leather armour    |     1 |       ||     1
Dodge: Dodged            |    18 |     4 ||    22
